Map: New Gettysburg LE

Players

Amix - Winner!

  • Race: Zerg Zerg
  • League: Platinum
  • Spawn Location: 7:00

JusToSmoke

  • Race: Terran Terran
  • League: Diamond
  • Spawn Location: 5:00

VOD

Have the link to the VOD?

Description

Time

  • Played on: Nov. 15, 2016, 5:24 p.m.
  • Length: 6:55
Show
View Real Time Build Order
Export as new Build Order

Amix Zerg - Winner!

Build Orders: Hatch First 

Get SALT Encoding   

  12  0:02  Drone  
  13  0:09  Drone  
  14  0:18  Overlord  
  14  0:25  Extractor  
  14  0:26  Drone  
  15  0:36  Drone  
  15  0:37  Drone  
  17  0:56  Hatchery  
  16  0:58  Drone  
  16  1:02  Extractor  
  16  1:04  Drone  
  17  1:18  Spawning Pool  
  17  1:22  Drone  
  18  1:25  Drone  
  18  1:29  Drone  
  19  1:38  Overlord  
  19  1:49  Drone  
  20  2:00  Drone  
  21  2:06  Queen  
  23  2:08  Queen  
  23  2:12  Metabolic Boost  
  25  2:16  Zergling x2  
  25  2:19  Zergling x2  
  27  2:26  Drone x2  
  29  2:31  Drone  
  29  2:34  Drone  
  31  2:42  Pneumatized Carapace  
  31  2:45  Queen  
  34  2:51  Drone x2  
  34  2:54  Drone  
  36  3:00  Overlord  
  36  3:07  Evolution Chamber  
  36  3:08  Drone  
  36  3:12  Drone, Extractor  
  36  3:18  Zergling x2  
  38  3:20  Overlord x2  
  38  3:22  Zergling x2  
  38  3:23  Zergling x2  
  40  3:34  Queen  
  40  3:35  Zergling x4  
  40  3:38  Overlord  
  40  3:40  Zergling x2  
  45  3:42  Zergling x2  
  45  3:43  Zergling x2  
  47  3:52  Zergling x2  
  47  3:53  Zergling x2  
  49  4:21  Zergling x12  
  55  4:25  Queen x2  
  55  4:31  Zergling x4  
  61  4:38  Zergling x4  
  63  4:46  Zergling x2  
  63  4:48  Zergling x2  
  54  5:08  Zergling x10  
  57  5:21  Zergling x2  
  57  5:22  Zergling x2  
  57  5:36  Spine Crawler x2  
  57  5:38  Spine Crawler  
  57  5:39  Zergling x4  
  57  5:40  Spine Crawler  
Show
View Real Time Build Order
Export as new Build Order

JusToSmoke Terran 

Build Orders:  

Get SALT Encoding   

  12  0:01  SCV  
  13  0:13  SCV  
  14  0:19  Supply Depot  
  14  0:25  SCV  
  15  0:41  SCV  
  16  0:44  Barracks  
  16  0:53  Refinery, SCV  
  17  1:03  Refinery  
  17  1:05  SCV  
  18  1:13  Barracks  
  18  1:17  SCV  
  19  1:30  SCV  
  19  1:31  Marine  
  21  1:42  SCV  
  22  1:52  Factory  
  22  1:56  Marine  
  23  2:01  Supply Depot  
  23  2:04  Barracks Reactor  
  23  2:11  Orbital Command  
  23  2:23  Marine  
  23  2:29  Barracks  
  24  2:46  Marine  
  25  2:52  SCV  
  25  2:53  Starport  
  25  2:54  Marine  
  27  2:59  Hellion  
  27  3:03  Hellion  
  31  3:09  Supply Depot  
  31  3:18  Barracks Tech Lab  
  31  3:30  Marine x2, SCV  
  31  3:31  Hellion x2  
  38  3:38  Marine  
  39  4:14  Supply Depot  
  39  4:18  Supply Depot  
  39  4:35  Marine x2, Medivac  
  39  4:36  Hellion x2  
  47  4:39  Marine  
  48  4:53  Marine x2  
  48  4:57  Marine  
  45  5:15  Marine  
  45  5:20  Orbital Command  
  15  6:25  SCV  
Tags
 
Add a new tag
Caveats
  • Supply blocks, unpowered buildings, or Contaminate may cause inaccurate times.
  • Supply counts are checked every 10 seconds.